 Dungeon Crawl Stone Soup version 0.24-a0-459-g225fefd530 (webtiles) character file.

Game seed: 10989297730170626056

6584 Krouwed the Transmogrifier (level 10, -1/97 HPs)
             Began as a Yellow Draconian Transmuter on June 27, 2019.
             Was an Elder of Okawaru.
             Shot with an arrow by a centaur warrior (14 damage)
             ... on level 11 of the Dungeon on June 28, 2019.
             The game lasted 00:38:30 (10575 turns).

Krouwed the Transmogrifier (DrTm)                  Turns: 10575, Time: 00:38:31

Health: -1/97      AC:  7    Str: 19    XL:     10   Next: 71%
Magic:  18/21      EV: 11    Int: 16    God:    Okawaru [****..]
Gold:   543        SH:  0    Dex: 11    Spells: 5/23 levels left

rFire    x . .     SeeInvis .     - Unarmed
rCold    + + +     Gourm    .   (shield currently unavailable)
rNeg     . . .     Faith    .   (armour unavailable)
rPois    +         Spirit   .   (helmet currently unavailable)
rElec    .         Reflect  .   (cloak currently unavailable)
rCorr    .         Harm     .   (gloves currently unavailable)
MR       .....                  (boots currently unavailable)
Stlth    +.........             (no amulet)
HPRegen  0.26/turn              j - +5 ring of strength
MPRegen  0.17/turn              L - +4 ring of slaying

@: about to teleport, ice-form
A: large, (spit acid), unfitting armour, AC +7
a: End Transformation, Heroism, Renounce Religion


You were on level 11 of the Dungeon.
You worshipped Okawaru.
Okawaru was greatly pleased with you.
You were very hungry.
You were a creature of crystalline ice.
You visited 2 branches of the dungeon, and saw 12 of its levels.
You also visited: Ossuary.

You collected 737 gold pieces.
You spent 194 gold pieces at shops.

Inventory:

Hand Weapons
 U - the +10 rapier "Xest" (melded) {speed, rC+}
   (You found it on level 4 of the Dungeon)

   Attacks with this weapon are significantly faster.
   It protects you from cold.
Missiles
 a - 107 arrows
 f - 9 boomerangs
 k - 18 poisoned darts (quivered)
Armour
 m - a +0 cloak (melded)
 u - a +0 pair of boots (melded)
 K - a +0 pair of gloves (melded)
Jewellery
 j - a +5 ring of strength (left front paw)
 A - a +4 ring of protection
 B - an uncursed ring of stealth
 E - an uncursed ring of flight
 L - a +4 ring of slaying (right front paw)
Wands
 z - a wand of enslavement (6)
 C - a wand of flame (10)
 G - a wand of disintegration (12)
 O - a wand of digging (5)
 T - a wand of paralysis (2)
Scrolls
 d - 4 scrolls of enchant armour
 e - 3 scrolls of remove curse
 g - a scroll of torment {unknown}
 i - 4 scrolls of enchant weapon {unknown}
 q - a scroll of brand weapon {unknown}
 s - 4 scrolls of amnesia
 t - 3 scrolls of teleportation
 v - 2 scrolls of fear
 y - 2 scrolls of noise {unknown}
 D - a scroll of immolation {unknown}
 F - 2 scrolls of random uselessness {unknown}
 H - 3 scrolls of fog
 I - a scroll of magic mapping
 J - 2 scrolls of identify
 Q - a scroll of blinking {unknown}
Potions
 b - 2 potions of agility
 h - a potion of berserk rage {unknown}
 l - a potion of resistance {unknown}
 n - 2 potions of might
 o - a potion of curing
 r - 2 potions of invisibility {unknown}
 w - a potion of mutation
 x - 3 potions of cancellation
 M - 2 potions of lignification
 N - 2 potions of brilliance {unknown}
 P - a potion of haste {unknown}
 R - a potion of flight {unknown}
Comestibles
 c - 18 rations


   Skills:
 + Level 5.4 Fighting
 + Level 3.7 Dodging
 + Level 5.7 Unarmed Combat
 + Level 7.3 Spellcasting
 + Level 10.6 Transmutations
 + Level 4.7 Ice Magic
 + Level 3.7 Invocations


You had 5 spell levels left.
You knew the following spells:

 Your Spells              Type           Power        Failure   Level  Hunger
a - Beastly Appendage     Tmut           #####.       1%          1    None
b - Sticks to Snakes      Tmut           #####...     1%          2    None
c - Blade Hands           Tmut           #####.....   4%          5    #####..
d - Ice Form              Ice/Tmut       ####....     4%          4    ####...
e - Statue Form           Tmut/Erth      ###......    91%         6    #######

Your spell library contained the following spells:

 Spells                   Type           Power        Failure   Level  Hunger
 Passwall                 Tmut/Erth      ###.....     1%          2    None
 Spider Form              Tmut/Pois      ###.......   4%          3    ##.....
 Magic Dart               Conj           #...         12%         1    None
 Sandblast                Erth           #.....       12%         1    None
 Petrify                  Tmut/Erth      ###.....     14%         4    ####...
 Blink                    Tloc           N/A          19%         2    None
 Call Imp                 Summ           #.......     19%         2    None
 Poisonous Vapours        Pois/Air       #.....       19%         2    None
 Slow                     Hex            #.......     19%         2    None
 Conjure Flame            Conj/Fire      #.......     34%         3    ##.....
 Mephitic Cloud           Conj/Pois/Air  #.......     34%         3    ##.....
 Stone Arrow              Conj/Erth      #.....       34%         3    ##.....
 Alistair's Intoxication  Tmut/Pois      ###.....     36%         5    #####..
 Yara's Violent Unravell  Hex/Tmut       ###.......   36%         5    #####..
 Lee's Rapid Deconstruct  Erth           #.........   97%         5    #####..
 Freezing Cloud           Conj/Ice/Air   ##........   100%        6    #######
 Ring of Flames           Chrm/Fire      #.........   100%        7    #######


Dungeon Overview and Level Annotations

Branches:
Dungeon (11/15)            Temple (1/1) D:7
   Lair: D:8-11         Orc: D:9-12

Altars:
Ashenzari
Cheibriados
Dithmenos
Elyvilon
Fedhas
Gozag
Hepliaklqana
Kikubaaqudgha
Makhleb
Nemelex Xobeh
Okawaru
Qazlal
Ru
Sif Muna
Trog
Uskayaw
Vehumet
Wu Jian
Xom
Yredelemnul
Zin
The Shining One

Shops:
D:6 (   D:7 ?


Innate Abilities, Weirdness & Mutations

((You can spit globs of acid.))
((Your golden yellow scales are hard. (AC +7)))
You cannot fit into any form of body armour.
((You are cold-blooded and may be slowed by cold attacks.))
((You are resistant to acid. (rCorr)))


Message History

You feel much better.
You hear the faint crackling of a very distant melting archway.
The killer bee stings you but does no damage.
The killer bee misses you. The centaur hits you.
The killer bee barely misses you. The centaur warrior hits you!
The killer bee barely misses you.
The centaur unwields a +0 shortbow.
The centaur hits you but does no damage.
The centaur hits you.
You pummel the killer bee!! You freeze the killer bee.
You kill the killer bee!
Okawaru accepts your kill. The killer bee stings you.
* * * LOW HITPOINT WARNING * * *
The centaur warrior hits you!
* * * LOW HITPOINT WARNING * * *
The centaur barely misses you. x2
The killer bee stings you but does no damage.
The centaur warrior wields a +0 shortbow.
The centaur warrior shoots an arrow.
The arrow hits you!
You die...

*,,,,,,,,,,,,***...** #......,,>
**,,,,,,.............* #......,,,
*,,,,,,,....>.....,..###.....,,,,
*,*,,,,,..........*#...#....,,,,,
*,*,,,,,..........*#.#....#**,,,,
,,,,,,,,..........##<.##..# ***,*
,,,,,,,,.....c§§.........######.#
,,_,,**,...c.ay###§.#....<.......
,,,,,,,,.....yc§Y§§..(#########..
,,,,,***.#...§c§c§#...# *,,
,**,** *,#...§§§§§#...### **,
,,,,* *,#..............## *,
,,,,****,#......≈...≈....#### **
,,,,,**,,#......≈≈≈.........# *
8,,,,**,*#.....≈≈≈≈≈.....##.#####
,,,,,**,*#.....≈≈≈≈≈.^....#......
,,,,,,*,**,,...≈≈≈≈≈........##***


You could see a centaur warrior, 2 centaurs and a killer bee.

Vanquished Creatures
  3 two-headed ogres
  A hippogriff (D:9)
  A human (D:7)
  A yak (D:7)
  3 hogs (D:7)
  A hungry ghost (D:8)
  A water moccasin (D:6)
  2 orc warriors
  2 sky beasts (D:8)
  5 ogres
  A necrophage (D:11)
  An ice beast (D:5)
  3 phantoms
  A crocodile (D:8)
  3 centaurs
  3 bullfrogs
  A wyvern zombie (D:10)
  9 killer bees (D:11)
  2 howler monkeys
  3 crimson imps
  2 bullfrog zombies (D:5)
  3 hounds
  A jelly (D:8)
  5 orc priests
  A centaur skeleton (D:8)
  10 orc wizards
  An iguana (D:10)
  Natasha (thrice) (D:3)
  3 worker ants
  A killer bee zombie (D:6)
  8 mummies (Ossuary)
  A howler monkey skeleton (D:5)
  11 adders
  A shadow imp (D:8)
  4 white imps (D:11)
  3 oozes
  An adder skeleton (D:4)
  3 dart slugs
  3 leopard geckos
  34 orcs
  6 giant cockroaches
  14 hobgoblins
  2 jackals (D:3)
  6 kobolds
  2 quokkas
  A ball python (D:3)
  11 bats
  7 frilled lizards
  3 gnoll zombies (Ossuary)
  7 goblins
  3 hobgoblin zombies (Ossuary)
  2 orc zombies (Ossuary)
  A quokka zombie (D:7)
  5 rats
216 creatures vanquished.

Vanquished Creatures (collateral kills)
  2 ogres
  An adder (D:3)
  A bat (D:3)
4 creatures vanquished.

Vanquished Creatures (others)
  A plant (D:10)
1 creature vanquished.

Grand Total: 221 creatures vanquished

Notes
Turn   | Place    | Note
-------+----------+-------------------------------------------
     0 | D:1      | Krouwed the Draconian Transmuter began the quest for the
                  | Orb.
     0 | D:1      | Reached XP level 1. HP: 16/16 MP: 3/3
   432 | D:1      | Reached XP level 2. HP: 22/23 MP: 3/5
   492 | D:1      | Reached skill level 3 in Transmutations
  1030 | D:2      | Reached XP level 3. HP: 27/28 MP: 6/6
  1034 | D:2      | Learned a level 2 spell: Sticks to Snakes
  1360 | D:2      | Found a basalt altar of Yredelemnul.
  1361 | D:2      | Found an iron altar of Okawaru.
  1399 | D:2      | Reached skill level 4 in Transmutations
  1525 | D:2      | Reached XP level 4. HP: 24/35 MP: 7/7
  2718 | D:3      | Noticed Natasha
  2794 | D:3      | Reached XP level 5. HP: 41/41 MP: 6/8
  2810 | D:3      | Learned a level 5 spell: Blade Hands
  2868 | D:4      | Noticed an ogre
  2973 | D:4      | Found a snail-covered altar of Cheibriados.
  2973 | D:4      | Found a white marble altar of Elyvilon.
  2973 | D:4      | Found a blossoming altar of Fedhas.
  2973 | D:4      | Found a burning altar of Makhleb.
  3316 | D:4      | Killed an ogre
  3316 | D:4      | Reached skill level 5 in Transmutations
  3395 | D:4      | Noticed an ogre
  3412 | D:4      | Killed an ogre
  3412 | D:4      | Reached XP level 6. HP: 28/50 MP: 3/10
  3851 | D:5      | Entered Level 5 of the Dungeon
  3963 | D:5      | Your scales start taking on a golden yellow colour.
  3963 | D:5      | Reached XP level 7. HP: 36/57 MP: 8/11
  3963 | D:5      | Gained mutation: You are resistant to acid. (rCorr) [Yellow
                  | Draconian growth]
  3969 | D:5      | Reached skill level 6 in Transmutations
  4448 | D:3      | Killed Natasha
  4649 | D:3      | Noticed Natasha
  4657 | D:3      | Killed Natasha
  4657 | D:3      | Reached skill level 7 in Transmutations
  4934 | D:3      | Noticed Natasha
  4939 | D:3      | Killed Natasha
  5130 | D:5      | Reached XP level 8. HP: 50/63 MP: 13/13
  5367 | D:5      | Reached skill level 8 in Transmutations
  5438 | D:5      | Found a deep blue altar of Sif Muna.
  5963 | D:6      | Found a burning altar of Makhleb.
  5976 | D:6      | Found a sand-covered staircase.
  6016 | Ossuary  | Entered an ossuary
  6466 | D:2      | Became a worshipper of Warmaster Okawaru
  6590 | D:6      | Found Xuirisasy's Weapon Shop.
  6613 | D:6      | Reached skill level 9 in Transmutations
  6622 | D:6      | Reached skill level 5 in Spellcasting
  6696 | D:6      | Found a sacrificial altar of Ru.
  7277 | D:7      | Found a staircase to the Ecumenical Temple.
  7281 | D:7      | Reached * piety under Okawaru
  7281 | D:7      | Reached XP level 9. HP: 61/70 MP: 17/17
  7285 | Temple   | Entered the Ecumenical Temple
  7733 | D:7      | Found Dugg's Magic Scroll Boutique.
  7766 | D:7      | Bought a scroll of identify for 26 gold pieces
  7766 | D:7      | Bought a scroll of fear for 45 gold pieces
  7766 | D:7      | Bought a scroll of magic mapping for 45 gold pieces
  7766 | D:7      | Bought a scroll of identify for 26 gold pieces
  7766 | D:7      | Bought a scroll of identify for 26 gold pieces
  7766 | D:7      | Bought a scroll of fog for 26 gold pieces
  7805 | D:7      | Learned a level 4 spell: Ice Form
  8020 | D:7      | Reached skill level 1 in Ice Magic
  8053 | D:7      | Reached skill level 10 in Transmutations
  8282 | D:7      | Identified the Catalogue of Transmigration
  8291 | D:7      | Learned a level 6 spell: Statue Form
  8691 | D:8      | Reached skill level 1 in Invocations
  8847 | D:8      | Reached ** piety under Okawaru
  8892 | D:8      | Noticed a two-headed ogre
  8899 | D:8      | Killed a two-headed ogre
  8899 | D:8      | Reached *** piety under Okawaru
  8899 | D:8      | Reached XP level 10. HP: 45/79 MP: 13/20
  9074 | D:8      | Reached skill level 5 in Unarmed Combat
  9203 | D:9      | Found a shimmering altar of Xom.
  9305 | D:9      | Noticed a two-headed ogre
  9313 | D:9      | Killed a two-headed ogre
  9778 | D:9      | Paralysed by a centaur for 6 turns
  9959 | D:9      | Found an ancient bone altar of Kikubaaqudgha.
  9997 | D:10     | Entered Level 10 of the Dungeon
 10004 | D:10     | Reached **** piety under Okawaru
 10022 | D:10     | Found the +5 scythe "Finisher" {speed, eviscerate}
 10048 | D:10     | Noticed a two-headed ogre
 10067 | D:10     | Killed a two-headed ogre
 10067 | D:10     | Reached skill level 5 in Fighting
 10224 | D:4      | Got a faintly glowing rapier
 10225 | D:4      | Identified the +10 rapier "Xest" {speed, rC+} (You found it
                  | on level 4 of the Dungeon)
 10563 | D:11     | Noticed a centaur warrior
 10575 | D:11     | Shot with an arrow by a centaur warrior

Levels and vault maps discovered:
D:1:      dpeg_arrival_tiny_a, layout_basic, minmay_misc_feat_pillars,
          minmay_cut_off
D:2:      cheibrodos_greedy_goblins, layout_basic,
          nicolae_overflow_hidden_temple, eino_tiny_chamber
D:3:      layout_basic, minmay_fractal_squares_5, uniq_natasha
D:4:      layout_basic, chequers_temple_overflow_statue_of_worship, first_ration
D:5:      layout_loops_cross, tgw_sif, hangedman_decor_diamond_cutter
D:6:      layout_cave_pools, nicolae_ru_sacrificial_ziggurat, basic_altar,
          serial_shops, kennysheep_mini, nicolae_ossuary_entry_ruins
D:7:      layout_basic, minmay_temple_entry_wispy, serial_shops,
          nicolae_shop_statue_plus, skrybe_limestone_x,
          minmay_tree_intersection, grunt_livestock
D:8:      layout_loops_cross
D:9:      layout_long_grid, kiku_gazebo_pond_becter, kennysheep_mini_moat
D:10:     layout_long_grid, david_lair_shrubbed, uniq_erica
D:11:     layout_rooms, basic_altar, serial_ice, serial_ice_j, serial_ice_h,
          serial_ice_d, serial_ice_f, portal_ice_cave_demonic_guard
Temple:   minmay_temple_forest_path

Skill      XL: |  1  2  3  4  5  6  7  8  9 10 |
---------------+-------------------------------+-----
Transmutations | 3 4 5 7 9 10 | 10.6
Fighting       | 2 3 4 5 |  5.4
Spellcasting   | 3 5 6 7 |  7.3
Unarmed Combat | 4 5 |  5.7
Ice Magic      | 3 4 |  4.7
Dodging        | 2 3 |  3.7
Invocations    | 2 3 |  3.7

Action                   |  1- 3 |  4- 6 |  7- 9 | 10-12 || total
-------------------------+-------+-------+-------+-------++-------
Melee: Unarmed           |   139 |    78 |    82 |    73 ||   372
       Headbutt          |     5 |    17 |    23 |     3 ||    48
       Kick              |    14 |     5 |       |       ||    19
       Tailslap          |     5 |    12 |    33 |     5 ||    55
       Dagger            |       |    84 |   184 |     7 ||   275
       Punch             |       |     1 |     3 |     2 ||     6
       Rapier            |       |       |       |    11 ||    11
Throw: Boomerang         |    13 |       |       |       ||    13
       Dart              |       |    24 |    26 |     3 ||    53
 Cast: Beastly Appendage |    22 |    28 |    25 |     3 ||    78
       Sticks to Snakes  |     1 |    13 |     6 |     2 ||    22
       Blade Hands       |       |       |    12 |     6 ||    18
       Ice Form          |       |       |       |     2 ||     2
Invok: Heroism           |       |       |       |     1 ||     1
 Abil: Breathe Acid      |       |       |     3 |       ||     3
Evoke: Wand              |       |       |     2 |       ||     2
  Use: Scroll            |       |     6 |    12 |     3 ||    21
       Potion            |       |       |     1 |     8 ||     9
 Stab: Sleeping          |       |     1 |       |       ||     1
  Eat: Chunk             |     3 |     9 |    11 |     6 ||    29
       Ration            |       |       |     3 |       ||     3
Armor: Skin              |    44 |    57 |    73 |    38 ||   212
Dodge: Dodged            |    81 |   121 |   133 |    79 ||   414

Table legend:
 A = Non-vault XP
 B = Vault XP
 C = Vault XP percentage of total XP
 D = Non-vault monster count
 E = Vault monster count
 F = Vault count percentage of total count
                 A         B        C        D         E       F
            +---------+---------+-------+---------+---------+-------
      Total |    8076 |    1331 |  14.1 |     171 |      49 |  22.3
            +---------+---------+-------+---------+---------+-------
        D:1 |      29 |       6 |  17.1 |      15 |       4 |  21.1
        D:2 |      47 |      24 |  33.8 |      17 |      12 |  41.4
        D:3 |     153 |      66 |  30.1 |      29 |       7 |  19.4
        D:4 |     483 |       0 |   0.0 |      12 |       0 |   0.0
        D:5 |     951 |      42 |   4.2 |      20 |       1 |   4.8
        D:6 |     604 |       0 |   0.0 |      18 |       0 |   0.0
        D:7 |     484 |    1004 |  67.5 |      16 |       5 |  23.8
        D:8 |    1904 |       0 |   0.0 |      22 |       0 |   0.0
        D:9 |    1621 |       0 |   0.0 |       7 |       0 |   0.0
       D:10 |     982 |       0 |   0.0 |       3 |       0 |   0.0
       D:11 |     818 |      40 |   4.7 |      12 |       4 |  25.0
    Ossuary |       0 |     149 | 100.0 |       0 |      16 | 100.0
            +---------+---------+-------+---------+---------+-------
